 Dungeon Crawl Stone Soup version 0.24.0-13-gcf9b319 (webtiles) character file.

Game seed: 16156960220861251280, levelgen mode: deterministic

233551 Cassiopeia the Warrior (level 18, -15/169 HPs)
             Began as a Minotaur Berserker on May 8, 2020.
             Was the Champion of Trog.
             Killed from afar by an ice dragon (29 damage)
             ... with a blast of cold
             ... on level 3 of the Vaults on May 11, 2020.
             The game lasted 03:01:10 (44789 turns).

Cassiopeia the Warrior (Minotaur Berserker)        Turns: 44789, Time: 03:01:10

Health: -15/169    AC: 29    Str: 29    XL:     18   Next: 85%
Magic:  0/27       EV: 14    Int:  8    God:    Trog [******]
Gold:   2783       SH: 26    Dex: 19    Spells: 17/17 levels left

rFire    + . .     SeeInvis .   y - +3 demon whip "Udulid" {slash, +Fly Str+3 Int-2}
rCold    . . .     Gourm    +   H - +3 large shield
rNeg     . . .     Faith    .   Q - +4 crystal plate armour
rPois    +         Spirit   +   (helmet restricted)
rElec    .         Reflect  .   T - scarf {Spirit}
rCorr    .         Harm     .   d - +1 pair of gloves "Seci" {MR+ Dex+6 Stlth-}
MR       ++...                  N - +2 pair of boots
Stlth    ..........             e - amulet of the gourmand
HPRegen  0.38/turn              m - ring "Jaclusm" {rPois Int+5}
MPRegen  0.20/turn              b - ring of protection from fire

@: corroded
A: retaliatory headbutt, horns 2
}: 1/15 runes: gossamer
a: Berserk, Trog's Hand, Brothers in Arms, Renounce Religion, Evoke Flight


You were on level 3 of the Vaults.
You worshipped Trog.
Trog was exalted by your worship.
You were completely stuffed.

You visited 7 branches of the dungeon, and saw 32 of its levels.
You also visited: Ossuary and Bailey.

You collected 4743 gold pieces.
You spent 1960 gold pieces at shops.

Inventory:

Hand Weapons
 y - the +3 demon whip "Udulid" (weapon) {slash, +Fly Str+3 Int-2}
   (Trog gifted it to you on level 2 of the Lair of Beasts)

   It inflicts extra damage upon your enemies.
   It affects your strength (+3).
   It affects your intelligence (-2).
   It lets you fly.
 R - the +6 mace of Compassion {freeze, *Rage Dex+5}
   (You bought it in a shop on level 15 of the Dungeon)

   It has been specially enchanted to freeze those struck by it, causing extra
   injury to most foes and up to half again as much damage against particularly
   susceptible opponents.
   It can also slow down cold-blooded creatures.
   It affects your dexterity (+5).
   It may make you go berserk in combat.
Armour
 d - the +1 pair of gloves "Seci" (worn) {MR+ Dex+6 Stlth-}
   (You found it on level 9 of the Dungeon)

   It affects your dexterity (+6).
   It affects your resistance to hostile enchantments.
   It makes you less stealthy.
 H - a +3 large shield (worn)
 N - a +2 pair of boots (worn)
 Q - a +4 crystal plate armour (worn)
 T - a scarf of spirit shield (worn)
Jewellery
 b - a ring of protection from fire (right hand)
 e - an amulet of the gourmand (around neck)
 g - an uncursed ring of protection from fire
 m - the ring "Jaclusm" (left hand) {rPois Int+5}
   (You found it on level 13 of the Dungeon)

   [ring of intelligence]

   It affects your intelligence (+5).
   It protects you from poison.
 C - an uncursed ring of protection from cold
 F - an uncursed ring of flight
 L - an uncursed ring of resist corrosion
 Z - a +3 ring of dexterity
Wands
 l - a wand of flame (64)
 p - a wand of scattershot (4)
 w - a wand of random effects (21)
 G - a wand of disintegration (16)
 I - a wand of polymorph (30)
 K - a wand of digging (1)
 P - a wand of clouds (5)
 U - a wand of paralysis (20)
 Y - a wand of acid (6)
Scrolls
 a - 7 scrolls of enchant weapon
 f - 4 scrolls of blinking
 k - 3 scrolls of fog
 o - 13 scrolls of remove curse
 q - 13 scrolls of teleportation
 r - 4 scrolls of fear
 z - 5 scrolls of identify
 A - 2 scrolls of silence
 W - a scroll of holy word
Potions
 h - 4 potions of cancellation
 i - 3 potions of ambrosia
 j - 18 potions of curing
 n - 2 potions of brilliance
 s - 6 potions of agility
 t - 4 potions of flight
 u - 3 potions of invisibility
 x - 2 potions of might
 D - 13 potions of lignification
 E - 3 potions of resistance
 J - 8 potions of haste
 M - a potion of heal wounds
Miscellaneous
 v - a sack of spiders
 O - a box of beasts
 S - a phial of floods
 V - a phantom mirror
 X - a lightning rod (4/4)
Comestibles
 c - 43 rations
 B - 6 chunks of flesh


   Skills:
 + Level 17.0 Fighting
 - Level 16.8 Maces & Flails
 + Level 7.4 Throwing
 - Level 14.9 Armour
 + Level 15.6 Dodging
 + Level 16.5 Shields
 + Level 14.3 Evocations


You had 17 spell levels left.
You didn't know any spells.
Your spell library was empty.

Dungeon Overview and Level Annotations

Branches:
Dungeon (15/15)            Temple (0/1) D:6            Lair (6/6) D:8
  Swamp (1/4) Lair:4       Spider (4/4) Lair:2        Slime (0/5) Lair:6
    Orc (2/2) D:10            Elf (0/3) Orc:2        Vaults (3/5) D:13
  Crypt (0/3) Vaults:2     Depths (1/5) D:15        Ossuary (visited)
 Bailey (visited)

Altars:
Elyvilon
Qazlal
Trog
Uskayaw
Vehumet
Xom
Yredelemnul
Beogh
Jiyva

Shops:
D:4 =   D:10 }   D:15 (   Orc:1 }   Orc:2 ([[([   Vaults:2 (

Portals:
Trove: Vaults:2 (give 16 scrolls of teleportation)

Annotations:
D:3 1 runed translucent door, Pestilence's ghost, amateur GnFi
D:12 3 runed translucent doors
Lair:6 exclusion: 2 oklob plants
Swamp:1 Nikola
Orc:1 2 transporters, fletch1014's ghost, journeyman GrVM
Vaults:1 3 runed translucent doors, Getoffmy's ghost, veteran GrFi; Kiraudgh's ghost, adept DEFE; Muvus's ghost, adept DsFi; Neweitaz's ghost, adept MiBe; Qysailo's ghost, veteran TrBe


Innate Abilities, Weirdness & Mutations

You reflexively headbutt those who attack you in melee.
You have a pair of horns on your head.


Message History

The ice dragon tramples you but does no damage.
You hit the lich but do no damage.
You headbutt the lich, but do no damage.
The lich is severely damaged.
You whack the lich!
The lich is almost destroyed.
The lich casts a spell at you. The crystal spear hits you!!!
The ice dragon breathes frost at you. The blast of cold hits you!
You whack the lich! You headbutt the lich.
You destroy the lich!
Trog accepts your kill.
Trog appreciates your killing of a magic user.
The ice dragon breathes frost at you. The blast of cold hits you!!!
* * * LOW HITPOINT WARNING * * *
The ice dragon breathes frost at you. The blast of cold hits you!!
You die...

...#...# ###########
...##..# #..+.W.'..#
....#### #..#...#W.#
.#.....# #..#..C#C.#
###....# #..#...#p.#
.#.....# #..##+##D.#
....#### #..#?))#..#
...## #..#####..# ...#
#......@..# ...+
#.........#
######+######'#######
.......).....).......
.......................
...........)............
...........))...........
......).................
.....................


You could see an ironheart preserver, a fire giant, an ice dragon and a freezing
wraith.

Vanquished Creatures
  A lich (Vaults:3)
  Rupert (Lair:5)
  Asterion (Vaults:1)
  A sphinx (Vaults:2)
  A storm dragon (Vaults:2)
  2 fire giants
  A deep elf sorcerer (Vaults:2)
  An orc warlord (Orc:2)
  2 vault wardens (Vaults:3)
  6 emperor scorpions
  4 ghost moths
  3 stone giants
  4 very ugly things
  8 ironheart preservers
  Nessos (Lair:6)
  5 entropy weavers
  A deep elf demonologist (Vaults:1)
  A spark wasp (Spider:2)
  A dire elephant (shapeshifter) (D:14)
  A deep elf annihilator (Vaults:1)
  An eidolon (Vaults:2)
  3 yaktaur captains
  Josephine (D:13)
  A deep elf death mage (Vaults:1)
  2 fire dragons
  A great orb of eyes (Vaults:2)
  Erolcha (D:13)
  4 hydras
  6 ice dragons
  2 rakshasas
  22 two-headed ogres
  A centaur warrior (Vaults:3)
  Erica (Lair:2)
  8 ogre magi
  A death yak (Lair:3)
  A queen ant (Spider:2)
  An orc high priest (Orc:2)
  4 tengu warriors
  Urug (Orc:2)
  Nergalle (Orc:1)
  A fire crab (shapeshifter) (D:14)
  2 deep elf knights
  4 skeletal warriors (D:15)
  A shadow wraith (Vaults:2)
  4 deep trolls (Vaults:2)
  A wizard (Vaults:2)
  A death drake (shapeshifter) (Vaults:1)
  A swamp dragon (Lair:6)
  4 deep elf archers
  14 harpies
  5 ironbrand convokers
  A necromancer (Vaults:1)
  A phantasmal warrior (Vaults:2)
  A wolf spider zombie (D:15)
  10 orc knights
  16 orb spiders
  6 orc sorcerers
  7 deep elf magi
  7 cyclopes
  25 ugly things
  A manticore (Lair:4)
  3 elephants (Lair:6)
  3 moths of wrath
  A cyclops (shapeshifter) (Vaults:1)
  A human zombie (Vaults:1)
  25 wolf spiders
  A centaur zombie (D:14)
  Joseph (D:8)
  A molten gargoyle (D:14)
  7 vault sentinels
  4 torpor snails
  2 black mambas (Lair:6)
  2 gargoyles
  9 spiny frogs
  5 rime drakes (Lair:4)
  8 komodo dragons
  2 kobold demonologists (D:12)
  An efreet (D:9)
  13 demonic crawlers
  A komodo dragon (shapeshifter) (Vaults:2)
  2 freezing wraiths (Vaults:3)
  15 yaktaurs
  A yaktaur (shapeshifter) (Vaults:2)
  22 jumping spiders
  9 polar bears (Lair:6)
  9 trolls
  5 hornets
  A hornet (shapeshifter) (Vaults:3)
  A bog body (Lair:4)
  22 blink frogs
  17 hippogriffs
  A raiju (Lair:6)
  13 dream sheep (Lair:6)
  34 slime creatures
  A stone giant simulacrum (Vaults:2)
  An ettin skeleton (Vaults:1)
  3 shadows
  A vampire (D:9)
  74 redbacks
  37 tarantellas
  5 yaks
  A tarantella (shapeshifter) (Vaults:2)
  13 wyverns
  12 basilisks
  8 wraiths
  A water elemental (D:14)
  A hungry ghost (D:13)
  2 steam dragons (Lair:6)
  A fire elemental (D:14)
  A human (D:9)
  5 vampire mosquitoes
  9 wargs
  2 swamp worms (Lair:4)
  Edmund (D:6)
  29 soldier ants
  4 acid dragons (Lair:6)
  16 water moccasins
  16 hell hounds (Lair:6)
  A water moccasin (shapeshifter) (Vaults:3)
  6 porcupines
  11 black bears (Lair:6)
  5 ice beasts
  4 sky beasts
  30 orc warriors
  3 necrophages
  An eye of draining (shapeshifter) (Vaults:1)
  18 wolves
  14 ogres
  15 boggarts
  4 phantoms
  8 centaurs
  13 crocodiles
  12 bullfrogs
  7 big kobolds
  A wyvern zombie (Ossuary)
  8 gnoll sergeants (Bailey)
  A human skeleton (Vaults:1)
  2 scorpions (D:9)
  4 killer bees (D:8)
  7 electric eels
  17 wights
  4 howler monkeys
  A lava snake (D:14)
  4 crimson imps
  18 orc priests
  A quasit (D:9)
  3 bullfrog zombies
  4 bullfrog skeletons
  6 gnoll shamans (Bailey)
  Crazy Yiuf (D:3)
  7 centaur skeletons
  7 hounds
  5 iguanas
  5 jellies
  33 orc wizards
  Natasha (thrice) (D:3)
  11 mummies (Ossuary)
  6 hell rats (Lair:6)
  26 worker ants
  3 human simulacra
  2 hound zombies
  2 hound skeletons
  A howler monkey zombie (Ossuary)
  6 worker ant zombies
  25 gnolls
  11 adders
  4 shadow imps
  2 oozes
  3 adder skeletons
  An adder zombie (Ossuary)
  2 worms (D:2)
  A dart slug (D:2)
  6 leopard geckos
  133 orcs
  5 giant cockroaches
  6 goblins
  9 hobgoblins
  15 jackals
  5 quokkas
  A ball python (D:5)
  7 bats
  3 frilled lizards
  A giant cockroach zombie (D:6)
  A jackal skeleton (D:4)
  A jackal zombie (Ossuary)
  73 kobolds
  A leopard gecko zombie (D:9)
  2 quokka zombies (Ossuary)
  8 rats
1385 creatures vanquished.

Vanquished Creatures (collateral kills)
  A spark wasp (Spider:4)
  A jumping spider (Spider:4)
  A hornet (Spider:4)
  4 redbacks (Spider:4)
  A mummy (Ossuary)
8 creatures vanquished.

Vanquished Creatures (others)
  A demonic crawler (Spider:2)
  A sky beast (D:15)
  An orc priest (Orc:1)
  2 orcs (Orc:2)
  A fungus (Lair:2)
  21 plants
  A withered plant (Ossuary)
28 creatures vanquished.

Grand Total: 1421 creatures vanquished

Notes
Turn   | Place    | Note
-------+----------+-------------------------------------------
     0 | D:1      | Cassiopeia the Minotaur Berserker began the quest for the
                  | Orb.
     0 | D:1      | Reached XP level 1. HP: 19/19 MP: 0/0
   214 | D:1      | Reached XP level 2. HP: 27/27 MP: 1/1
   847 | D:2      | Reached skill level 4 in Fighting
   875 | D:2      | Found a stormy altar of Qazlal.
   876 | D:2      | Found a hide-covered altar of Uskayaw.
  1104 | D:2      | Reached XP level 3. HP: 19/33 MP: 2/2
  1106 | D:2      | HP: 2/49 [orc/+0 morningstar (8)]
  1422 | D:2      | Reached ** piety under Trog
  1534 | D:2      | Reached XP level 4. HP: 41/41 MP: 3/3
  2121 | D:3      | Noticed Natasha
  2123 | D:3      | Killed Natasha
  2371 | D:3      | Noticed Natasha
  2374 | D:3      | Killed Natasha
  2374 | D:3      | Reached XP level 5. HP: 35/47 MP: 4/4
  2521 | D:3      | Noticed Natasha
  2533 | D:3      | Killed Natasha
  2834 | D:3      | Reached skill level 5 in Fighting
  2834 | D:3      | Reached skill level 5 in Maces & Flails
  2840 | D:3      | Reached *** piety under Trog
  2958 | D:3      | Found a runed translucent door.
  2962 | D:3      | Reached XP level 6. HP: 56/56 MP: 5/5
  2995 | D:3      | Noticed Pestilence's ghost (amateur GnFi)
  3047 | D:3      | Found a bloodstained altar of Trog.
  3057 | D:3      | Found a shimmering altar of Xom.
  3308 | D:3      | Found a runed translucent door.
  3309 | D:3      | Noticed Crazy Yiuf
  3351 | D:3      | Killed Crazy Yiuf
  3471 | D:4      | Found Uxzarhel's Jewellery Emporium.
  3699 | D:4      | Found a white marble altar of Elyvilon.
  3772 | D:4      | Found a basalt altar of Yredelemnul.
  4020 | D:4      | Reached **** piety under Trog
  4202 | D:4      | Reached XP level 7. HP: 62/62 MP: 6/6
  4211 | D:4      | Reached skill level 5 in Armour
  5038 | D:5      | Entered Level 5 of the Dungeon
  5069 | D:5      | Reached skill level 6 in Fighting
  5299 | D:5      | Found a sand-covered staircase.
  5306 | Ossuary  | Entered an ossuary
  5344 | Ossuary  | Reached skill level 5 in Dodging
  5833 | Ossuary  | Reached XP level 8. HP: 50/71 MP: 7/7
  6281 | D:5      | Reached skill level 7 in Fighting
  6579 | D:4      | Bought an uncursed ring of protection from fire for 325
                  | gold pieces
  6807 | D:6      | Noticed Edmund
  6839 | D:6      | Killed Edmund
  6916 | D:6      | Found a staircase to the Ecumenical Temple.
  7141 | D:6      | Reached skill level 8 in Fighting
  7141 | D:6      | Reached XP level 9. HP: 65/81 MP: 8/8
  7242 | D:6      | You fall into a shaft and drop 1 floor!
  7649 | D:7      | Reached ***** piety under Trog
  8372 | D:8      | Reached skill level 9 in Fighting
  8666 | D:8      | Found a staircase to the Lair.
  8906 | D:8      | Noticed Joseph
  8919 | D:8      | Killed Joseph
  9107 | D:9      | Reached XP level 10. HP: 91/91 MP: 9/9
  9224 | D:9      | Found a bloodstained altar of Trog.
  9287 | D:9      | Received a gift from Trog
  9566 | D:9      | Noticed a two-headed ogre
  9572 | D:9      | Killed a two-headed ogre
  9572 | D:9      | Reached skill level 10 in Fighting
  9644 | D:9      | Reached skill level 10 in Maces & Flails
  9710 | D:9      | Reached skill level 10 in Armour
 10221 | D:9      | Received a gift from Trog
 10222 | D:9      | Got a fine battleaxe {god gift}
 10327 | D:9      | Reached XP level 11. HP: 98/101 MP: 10/10
 10590 | D:9      | Got a pair of transparent gloves
 10615 | D:9      | Identified the +1 pair of gloves "Seci" {MR+ Dex+6 Stlth-}
                  | (You found it on level 9 of the Dungeon)
 10666 | D:9      | Noticed a two-headed ogre
 10673 | D:9      | Killed a two-headed ogre
 10673 | D:9      | Reached skill level 11 in Fighting
 11048 | D:10     | Entered Level 10 of the Dungeon
 11056 | D:10     | Found a radiant altar of Vehumet.
 11199 | D:10     | Reached skill level 10 in Dodging
 11688 | D:10     | Found a staircase to the Orcish Mines.
 11836 | D:10     | Found Ukko's Gadget Shoppe.
 11839 | D:10     | Bought a lightning rod (4/4) for 480 gold pieces
 11953 | D:11     | Noticed a two-headed ogre
 11963 | D:11     | Killed a two-headed ogre
 12073 | D:11     | Found a white marble altar of Elyvilon.
 12816 | D:11     | Noticed a purple ugly thing
 12824 | D:11     | Killed a purple ugly thing
 13531 | D:12     | Found a flagged portal.
 13542 | Bailey   | Entered a bailey
 13821 | Bailey   | Reached ****** piety under Trog
 13824 | Bailey   | Received a gift from Trog
 13954 | Bailey   | Reached skill level 12 in Fighting
 14188 | D:12     | Reached XP level 12. HP: 68/112 MP: 11/11
 14630 | D:12     | Noticed a two-headed ogre
 14639 | D:12     | Killed a two-headed ogre
 15112 | D:12     | Noticed a two-headed ogre
 15119 | D:12     | Killed a two-headed ogre
 15169 | D:12     | Noticed an eight-headed hydra
 15179 | D:12     | Killed an eight-headed hydra
 15416 | D:12     | Found a runed translucent gate.
 15416 | D:12     | Found a runed translucent gate.
 15416 | D:12     | Found a runed translucent gate.
 15418 | D:12     | Noticed a red very ugly thing
 15420 | D:12     | Noticed a white very ugly thing
 15587 | D:13     | Noticed Erolcha
 15599 | D:13     | Killed Erolcha
 15945 | D:13     | Got a warped steel ring
 16060 | D:13     | Noticed a tengu warrior
 16067 | D:13     | Killed a tengu warrior
 16144 | D:13     | Found a gate to the Vaults.
 16144 | D:13     | Noticed an ironheart preserver
 16156 | D:13     | Killed an ironheart preserver
 16156 | D:13     | Received a gift from Trog
 16156 | D:13     | Reached skill level 13 in Fighting
 16156 | D:13     | Reached skill level 15 in Maces & Flails
 16465 | D:13     | Noticed Josephine
 16479 | D:13     | Killed Josephine
 16996 | D:14     | Noticed a two-headed ogre
 17000 | D:14     | Noticed a two-headed ogre
 17004 | D:14     | Killed a two-headed ogre
 17011 | D:14     | Killed a two-headed ogre
 17137 | D:14     | Reached XP level 13. HP: 96/122 MP: 12/12
 17442 | D:14     | Noticed a fire giant
 17448 | D:14     | Noticed a dire elephant
 17448 | D:14     | a fire giant changed into a dire elephant
 17466 | D:14     | Killed a dire elephant
 18723 | D:15     | Entered Level 15 of the Dungeon
 18796 | D:15     | Found a staircase to the Depths.
 19125 | Lair:1   | Entered Level 1 of the Lair of Beasts
 19333 | Lair:1   | Reached skill level 14 in Fighting
 20065 | Lair:2   | Noticed Erica
 20074 | Lair:2   | Killed Erica
 20074 | Lair:2   | Received a gift from Trog
 20078 | Lair:2   | Got a twisted demon whip {god gift}
 20079 | Lair:2   | Identified the +3 demon whip "Udulid" {slash, +Fly Str+3
                  | Int-2} (Trog gifted it to you on level 2 of the Lair of
                  | Beasts)
 20138 | Lair:2   | Found a hole to the Spider Nest.
 20391 | Lair:2   | Identified the ring "Jaclusm" {rPois Int+5} (You found it
                  | on level 13 of the Dungeon)
 20577 | Lair:2   | Reached skill level 1 in Evocations
 21890 | Lair:4   | Reached XP level 14. HP: 95/133 MP: 15/15
 23161 | Lair:4   | Found a staircase to the Swamp.
 23172 | Lair:4   | Received a gift from Trog
 23486 | Lair:5   | Noticed Rupert
 23509 | Lair:5   | Paralysed by Rupert for 2 turns
 23525 | Lair:5   | Killed Rupert
 24287 | Lair:6   | Entered Level 6 of the Lair of Beasts
 24375 | Lair:6   | Reached skill level 5 in Evocations
 24507 | Lair:6   | Identified a scroll of acquirement
 24538 | Lair:6   | Noticed Nessos
 24552 | Lair:6   | Reached skill level 15 in Fighting
 24831 | Lair:6   | Killed Nessos
 25102 | Lair:6   | Found a viscous altar of Jiyva.
 25103 | Lair:6   | Found a staircase to the Slime Pits.
 25197 | Lair:6   | Reached skill level 1 in Shields
 25932 | Lair:6   | Received a gift from Trog
 26047 | Lair:6   | Reached skill level 5 in Shields
 26618 | Orc:1    | Entered Level 1 of the Orcish Mines
 26790 | Orc:1    | Found Axejupt's Gadget Shop.
 26855 | Orc:1    | Bought a lamp of fire for 600 gold pieces
 26898 | Orc:1    | Identified the cursed +0 triple sword "Wachel" {antimagic,
                  | rN+ MR+ Int+8 Dex+3}
 26899 | Orc:1    | Noticed fletch1014's ghost (journeyman GrVM)
 26902 | Orc:1    | Found a transporter.
 26903 | Orc:1    | Found a bloodstained altar of Trog.
 26911 | Orc:1    | Identified the +5 lajatang of Domination {speed, Dex+4}
 26911 | Orc:1    | Noticed an orc warlord
 26917 | Orc:1    | Found a transporter.
 26921 | Orc:1    | Reached XP level 15. HP: 141/141 MP: 19/19
 26941 | Orc:1    | Identified the +3 broad axe "Doanlo" {chop, Int+4}
 26941 | Orc:1    | Identified the +1 plate armour of the Old World {rF+ rC+
                  | Int-2 Dex+4}
 26967 | Orc:1    | Noticed Nergalle
 26983 | Orc:1    | Killed Nergalle
 27325 | Orc:2    | Entered Level 2 of the Orcish Mines
 27343 | Orc:2    | Found a roughly hewn altar of Beogh.
 27377 | Orc:2    | Noticed Urug
 27389 | Orc:2    | Killed Urug
 27486 | Orc:2    | Found Poes's Antique Armour Shop.
 27524 | Orc:2    | Found a roughly hewn altar of Beogh.
 27718 | Orc:2    | Found a roughly hewn altar of Beogh.
 27750 | Orc:2    | Found a roughly hewn altar of Beogh.
 27801 | Orc:2    | Received a gift from Trog
 27871 | Orc:2    | Found a staircase to the Elven Halls.
 27910 | Orc:2    | Found a roughly hewn altar of Beogh.
 27911 | Orc:2    | Found Imaddij's Antique Armour Shop.
 27943 | Orc:2    | Bought a runed large shield for 187 gold pieces
 27943 | Orc:2    | Bought a shield for 112 gold pieces
 28034 | Orc:2    | Noticed an orc warlord
 28886 | Orc:2    | Killed an orc warlord
 28892 | Orc:2    | Found Ygiog's Antique Armour Emporium.
 28897 | Orc:2    | Found a roughly hewn altar of Beogh.
 28900 | Orc:2    | Found Filuecif's Antique Weapon Shoppe.
 29120 | Orc:2    | Received a gift from Trog
 29128 | Orc:2    | Found a roughly hewn altar of Beogh.
 29134 | Orc:2    | Found Arikhu's Weapon Boutique.
 29563 | Spider:1 | Entered Level 1 of the Spider Nest
 30447 | Spider:1 | Killed a ghost moth
 31774 | Spider:2 | You fall into a shaft and drop 1 floor!
 32000 | Spider:3 | Reached skill level 10 in Shields
 32192 | Spider:3 | Reached skill level 10 in Evocations
 32299 | Spider:4 | Entered Level 4 of the Spider Nest
 32369 | Spider:3 | Received a gift from Trog
 33066 | Spider:2 | Reached XP level 16. HP: 143/149 MP: 21/23
 33215 | Spider:1 | Received a gift from Trog
 35652 | Spider:4 | Received a gift from Trog
 36494 | Spider:4 | Got a gossamer rune of Zot
 36815 | Swamp:1  | Entered Level 1 of the Swamp
 36820 | Swamp:1  | Noticed Nikola
 37313 | Vaults:1 | Entered Level 1 of the Vaults
 37320 | Vaults:1 | Noticed Asterion
 37344 | Vaults:1 | Killed Asterion
 37672 | Vaults:1 | Reached XP level 17. HP: 156/156 MP: 25/25
 37919 | Vaults:1 | Reached skill level 1 in Throwing
 37922 | Vaults:1 | Received a gift from Trog
 38655 | Vaults:1 | Reached skill level 15 in Shields
 38804 | Vaults:2 | Found Akigexer's Antique Weapon Emporium.
 39328 | Vaults:1 | Received a gift from Trog
 39915 | Vaults:1 | Found a runed translucent gate.
 39916 | Vaults:1 | Found a runed translucent gate.
 39917 | Vaults:1 | Found a runed translucent gate.
 39957 | Vaults:1 | Noticed Kiraudgh's ghost (adept DEFE)
 39957 | Vaults:1 | Noticed Qysailo's ghost (veteran TrBe)
 39958 | Vaults:1 | Noticed Muvus's ghost (adept DsFi)
 39958 | Vaults:1 | Noticed Getoffmy's ghost (veteran GrFi)
 39959 | Vaults:1 | Noticed Neweitaz's ghost (adept MiBe)
 40311 | D:15     | Found Gesuhus's Antique Weapon Boutique.
 40338 | D:15     | Reached skill level 16 in Fighting
 40373 | D:15     | Bought a bone mace for 256 gold pieces
 40373 | D:15     | Identified the +6 mace of Compassion {freeze, *Rage Dex+5}
                  | (You bought it in a shop on level 15 of the Dungeon)
 41244 | D:15     | Reached skill level 5 in Throwing
 41548 | Depths:1 | Entered Level 1 of the Depths
 41715 | Vaults:2 | Found a portal to a secret trove of treasure.
 41862 | Vaults:2 | Reached XP level 18. HP: 160/160 MP: 27/27
 42066 | Vaults:2 | Received a gift from Trog
 42102 | Vaults:2 | Reached skill level 15 in Dodging
 42427 | Vaults:2 | Found a staircase to the Crypt.
 43384 | Vaults:2 | Received a gift from Trog
 44569 | Vaults:3 | Reached skill level 17 in Fighting
 44770 | Vaults:3 | Noticed a lich
 44782 | Vaults:3 | Killed a lich
 44789 | Vaults:3 | Killed from afar by an ice dragon

Levels and vault maps discovered:
D:1:      elethiomel_arrival_infinity_welcomes_careful_drivers, layout_rooms
D:2:      kennysheep_big_flooded_room, layout_rooms,
          gammafunk_temple_overflow_statue, first_ration
D:3:      layout_loops_corners, amethyst_overflow_temple_binary,
          ebering_ghost_reflecting_pool, minivault_14, nrook_campfire,
          uniq_crazy_yiuf_cottage, uniq_natasha
D:4:      minmay_goblin_kobold_castle, layout_loops_ring, kennysheep_ying_yang,
          serial_shops, shop
D:5:      layout_loops_cross, enter_ossuary_1, minmay_misc_feat_five
D:6:      layout_loops_ring, minmay_temple_entry_slanted, uniq_edmund
D:7:      layout_loops_corners
D:8:      layout_basic, lair_entry_dummy, uniq_joseph
D:9:      minmay_the_grid_3x3 [minmay_the_grid_rooms,
          minmay_the_grid_stretched_grid, minmay_the_grid_expand,
          minmay_the_grid_mess, minmay_the_grid_x, minmay_the_grid_spin_star,
          minmay_the_grid_slots, minmay_the_grid_embedded,
          minmay_the_grid_prize_four_corners_diamond_a], layout_small_grid,
          basic_altar, grunt_pizzeria
D:10:     layout_grid_maze, hiddenorc1_lemuel, basic_altar, serial_shops,
          kennysheep_mini_moat
D:11:     layout_basic, basic_altar
D:12:     layout_irregular_city, ploomutoo_gammafunk_ghost_potion_laboratory,
          enter_bailey_2
D:13:     layout_cave_pools, skrybe_vaults_entry_preservation,
          bh_circular_ruins, uniq_erolcha, uniq_josephine
D:14:     wad_lake_hut, layout_basic, kennysheep_crisscross,
          lemuel_flamethrower_2
D:15:     grunt_enter_depths_hoard, layout_basic, serial_shops, shop_coins,
          gauntlet_entry_generic, nrook_mini_backslash, lemuel_flamethrower_hall
Lair:1:   layout_regular_city, grunt_forest_small_clearings,
          cheibrodos_lair_caveside_slide, lemuel_fruit_tree
Lair:2:   layout_gridlike, dummy_spider_entry, infiniplex_staircase_pool,
          uniq_erica
Lair:3:   layout_roguey, st_stairs_6, beast_lair_carwin_2
Lair:4:   layout_cave_shapes, nicolae_swamp_entry_splash_gauntlet, special_room
          [special_room_mythical_zoo], grunt_megastairs_5, lemuel_fruit_fields
Lair:5:   layout_roguey, uniq_rupert
Lair:6:   hangedman_lair_caniforms_friends, layout_regular_city,
          guppyfry_lair_end_dragon, slime_altar_1, minmay_lair_oklob_chamber,
          serial_bayou_shore_b, uniq_nessos
Swamp:1:  layout_basic_swamp, nicolae_swamp_round_clearing,
          infiniplex_staircase_pool_2, uniq_nikola
Spider:1: layout_spider_delve
Spider:2: layout_spider_delve, minivault_29
Spider:3: layout_chambers
Spider:4: spider_rune_water, drop_trap
Orc:1:    layout_caves, gammafunk_ghost_wrathful_warriors, serial_shops, shop,
          uniq_nergalle
Orc:2:    grunt_orc_community_town_hall, layout_caves,
          grunt_orc_community_big_house_2, grunt_orc_community_big_house_1,
          grunt_orc_community_house_1, grunt_orc_community_house_2,
          grunt_orc_community_house_2, grunt_orc_community_house_3,
          grunt_orc_community_house_2, serial_shops, shop, uniq_urug
Vaults:1: gammafunk_vaults_ghost_cemetery, nicolae_vaults_little_squares_1,
          v_misc_3, ontoclasm_vaults_eye, vaults_dpeg_cross, v_pattern_4,
          v_rooms_2, v_alt_pattern_1, st_check, vaults_room_pools, v_misc_3,
          dpeg_vaults_monster_row, nicolae_vaults_specimen_jars,
          layout_vaults_ring, uniq_asterion
Vaults:2: v_misc_16, nicolae_vaults_ring_of_whatevers, v_alt_pattern_1,
          v_alt_pattern_6, st_smaller_cells, vaults_mumra_hexcomb,
          minmay_crypt_entry_simple_sparse, grunt_vaults_funnel,
          nicolae_vaults_hallways_thing, vaults_room_hallway, v_misc_18,
          nicolae_vaults_mini_display_case, layout_vaults_omnigrid,
          serial_shops, nicolae_shop_overgrown_old_shop, enter_trove_3,
          serial_glass
Vaults:3: hangedman_vaults_nails, v_alt_pattern_2, hangedman_vaults_restitches,
          vaults_mumra_chevron_long, nicolae_vaults_display_case, v_misc_26,
          vaults_room_pool, nicolae_vaults_network_quincunx
          [nicolae_vaults_network_quincunx_subvault,
          nicolae_vaults_network_quincunx_subvault,
          nicolae_vaults_network_quincunx_subvault,
          nicolae_vaults_network_quincunx_subvault,
          nicolae_vaults_network_quincunx_subvault], v_misc_17,
          nicolae_vaults_yaktaur_gun_rack, vaults_mumra_chevron,
          nicolae_vaults_little_squares_6, layout_vaults_omnicross
Depths:1: hangedman_cross_cluster, layout_cave_shapes, hell_entry,
          grunt_pan_entry_sceptre, hangedman_decor_peaks_small,
          minmay_starry_boxes

Skill      XL: |  1  2  3  4  5  6  7  8  9 10 11 12 13 14 15 16 17 18 |
---------------+-------------------------------------------------------+-----
Fighting       | 4 5 6 8 9 10 12 13 14 15 16 17 | 17.0
Maces & Flails | 4 5 6 7 9 11 13 15 16 | 16.8
Armour         | 3 4 5 7 8 10 11 13 14 | 14.9
Dodging        | 3 4 5 6 8 9 11 12 13 14 15 | 15.6
Evocations     | 2 7 10 12 13 14 | 14.3
Shields        | 5 11 14 15 16 | 16.5
Throwing       | 5 7 |  7.4

Action                   |  1- 3 |  4- 6 |  7- 9 | 10-12 | 13-15 | 16-18 || total
-------------------------+-------+-------+-------+-------+-------+-------++-------
Melee: Mace              |    41 |    56 |   366 |   777 |   209 |    30 ||  1479
       Headbutt          |     8 |    16 |    74 |   228 |   497 |   679 ||  1502
       Morningstar       |    13 |    99 |       |       |       |       ||   112
       Demon whip        |       |       |       |       |  1344 |  1817 ||  3161
Invok: Berserk           |     1 |     6 |     8 |    11 |    13 |     9 ||    48
       Brothers in Arms  |       |       |     1 |       |       |     4 ||     5
       Trog's Hand       |       |       |     1 |       |       |       ||     1
 Abil: Evoke Flight      |       |       |       |       |       |     2 ||     2
Evoke: Wand              |       |       |       |       |     6 |     1 ||     7
  Use: Scroll            |       |     3 |     5 |    20 |    17 |     5 ||    50
       Potion            |       |       |       |       |       |     4 ||     4
 Stab: Sleeping          |       |     3 |       |       |       |       ||     3
       Held in net/web   |       |       |       |       |       |     1 ||     1
  Eat: Chunk             |     2 |     8 |    17 |    26 |    61 |    49 ||   163
       Ration            |       |     2 |     2 |     4 |     4 |       ||    12
Armor: Ring mail         |     9 |    56 |    42 |       |       |       ||   107
       Plate armour      |       |       |   103 |   288 |       |       ||   391
       Crystal plate arm |       |       |       |   202 |   765 |   516 ||  1483
Dodge: Dodged            |    37 |   135 |   179 |   474 |   659 |   374 ||  1858
Block: Buckler           |       |       |       |       |    65 |       ||    65
       Large shield      |       |       |       |       |   551 |  1530 ||  2081
